Map: Thunderbird LE

Players

LiquidMaNa (MaNa)

  • Race: Protoss Protoss
  • League: Grandmaster
  • Spawn Location: 11:00

LiquidTaeJa (TaeJa) - Winner!

  • Race: Terran Terran
  • League: Master
  • Spawn Location: 5:00

Event: HomeStory Cup XX

VOD

Have the link to the VOD?

Description

Time

  • Played on: Nov. 23, 2019, 6:57 a.m.
  • Length: 10:14

All games in this series

Show
View Real Time Build Order
Export as new Build Order

LiquidMaNa Protoss 

Build Orders: 1 Gate Expand, Blink Stalkers 

Get SALT Encoding   

  12  0:00  Probe  
  13  0:12  Probe  
  14  0:17  Pylon  
  14  0:24  Probe  
  15  0:32  Probe  
  15  0:36  Gateway  
  15  0:41  Probe  
  16  0:43  Assimilator  
  17  0:53  Probe  
  18  1:05  Probe  
  19  1:18  Nexus  
  19  1:28  Cybernetics Core  
  19  1:31  Probe  
  20  1:39  Assimilator  
  20  1:43  Probe  
  21  1:47  Pylon  
  21  1:55  Adept, Probe  
  22  2:07  Probe  
  25  2:12  Warp Gate  
  25  2:17  Stalker, Twilight Council  
  25  2:20  Probe  
  28  2:30  Probe  
  28  2:34  Probe  
  30  2:42  Probe  
  30  2:46  Stalker, Probe  
  30  2:54  Probe  
  30  2:58  Probe  
  34  2:59  Blink  
  34  3:06  Probe  
  34  3:10  Probe  
  36  3:17  Gateway  
  36  3:24  Probe  
  36  3:25  Probe  
  38  3:31  Pylon  
  36  3:44  Probe x2  
  38  3:49  Gateway  
  38  3:50  Gateway  
  36  3:56  Probe x2  
  38  4:05  Stalker  
  38  4:07  Pylon  
  38  4:08  Probe x2  
  42  4:17  Stalker  
  44  4:20  Probe x2  
  46  4:27  Nexus  
  46  4:29  Sentry  
  48  4:35  Probe x2  
  50  4:41  Stalker  
  50  4:43  Robotics Facility  
  52  4:49  Probe x2  
  52  4:56  Charge  
  52  5:00  Forge  
  52  5:01  Forge  
  52  5:02  Probe x2  
  54  5:11  Protoss Ground Weapons Level 1  
  54  5:14  Probe  
  54  5:15  Probe  
  54  5:18  Protoss Ground Armor Level 1  
  54  5:20  Pylon  
  56  5:24  Gateway  
  56  5:25  Observer  
  56  5:27  Assimilator, Gateway  
  56  5:30  Probe x2  
  59  5:41  Probe  
  61  5:42  Probe  
  61  5:43  Probe  
  61  5:46  Gateway  
  61  5:48  Observer  
  63  5:50  Gateway  
  63  5:53  Probe  
  63  5:56  Gateway  
  64  6:00  Gateway  
  64  6:02  Immortal  
  64  6:08  Probe x2  
  64  6:09  Probe  
  67  6:11  Observer  
  67  6:15  Pylon  
  67  6:18  Pylon  
  71  6:27  Templar Archives  
  71  6:28  Pylon  
  71  6:29  Zealot x2  
  71  6:32  Observer  
  75  6:34  Probe x2  
  77  6:40  Pylon  
  77  6:41  Assimilator, Warp Prism  
  77  6:46  Zealot x2  
  83  6:49  Zealot  
  83  6:51  Probe x3  
  88  6:59  Stalker  
  88  7:00  Zealot x2  
  92  7:05  High Templar  
  92  7:06  Zealot x3  
  100  7:12  Zealot x3  
  106  7:17  Protoss Ground Armor Level 2  
  106  7:23  Zealot x3  
  106  7:25  Probe x3  
  106  7:26  Protoss Ground Weapons Level 2  
  115  7:33  Pylon  
  113  7:37  Probe  
  113  7:38  High Templar  
  116  7:48  Zealot x2  
  116  7:56  Zealot x7  
  116  7:57  Probe  
  97  8:09  Zealot x2  
  97  8:10  Zealot  
  98  8:17  Robotics Facility  
  94  8:20  Observer  
  94  8:21  Stalker x3  
  94  8:22  Zealot x4  
  100  8:30  Zealot x3  
  92  8:36  Assimilator  
  92  8:37  Robotics Facility  
  92  8:42  Assimilator, Sentry  
  92  8:45  Zealot x5  
  104  8:49  Zealot  
  104  8:53  Zealot x3  
  112  9:05  Warp Prism  
  112  9:08  Robotics Bay  
  114  9:13  Probe  
  115  9:27  Nexus  
  115  9:29  Pylon  
  114  9:33  Photon Cannon  
  116  9:43  Zealot  
  112  9:47  High Templar x3  
  112  9:51  Archon  
  111  10:00  Zealot x3  
  111  10:01  Probe, Zealot x2  
  111  10:02  Probe  
  98  10:10  Zealot  
Show
View Real Time Build Order
Export as new Build Order

LiquidTaeJa Terran - Winner!

Build Orders: Reaper Expand 

Get SALT Encoding   

  12  0:00  SCV  
  13  0:12  SCV  
  14  0:17  Supply Depot  
  14  0:25  SCV  
  15  0:38  SCV  
  15  0:39  Barracks  
  16  0:45  Refinery  
  16  0:50  SCV  
  17  1:02  SCV  
  18  1:14  SCV  
  19  1:27  Orbital Command, Reaper  
  20  1:38  Command Center  
  20  1:48  Supply Depot  
  20  1:52  SCV  
  21  1:59  Marine  
  22  2:04  SCV  
  22  2:08  Factory  
  23  2:15  Refinery  
  23  2:16  SCV  
  23  2:21  Barracks Reactor  
  24  2:28  SCV  
  25  2:40  SCV  
  26  2:50  Orbital Command  
  26  2:54  Hellion  
  26  2:55  Starport, SCV  
  28  2:58  Marine x2  
  29  3:13  SCV  
  29  3:16  Widow Mine, Marine x2, SCV  
  35  3:27  SCV  
  36  3:28  SCV  
  36  3:31  Medivac  
  36  3:33  Barracks  
  39  3:40  Widow Mine  
  39  3:42  SCV x2  
  39  3:43  Supply Depot  
  39  3:44  Marine x2  
  41  3:54  SCV x2  
  43  4:02  Factory Tech Lab  
  43  4:03  Bunker  
  43  4:04  Starport Tech Lab  
  43  4:06  SCV x2  
  45  4:11  Marine x2  
  45  4:15  Supply Depot  
  47  4:18  SCV x2  
  47  4:21  Siege Tank  
  47  4:23  Marine  
  53  4:26  Supply Depot  
  53  4:27  Refinery  
  53  4:32  SCV  
  53  4:36  Raven  
  53  4:37  SCV  
  57  4:42  Bunker  
  57  4:44  SCV  
  58  4:49  SCV  
  58  4:50  Engineering Bay  
  57  4:53  Marine x2  
  57  4:56  SCV  
  57  4:59  Stimpack  
  58  5:00  Marauder  
  58  5:01  SCV  
  58  5:02  Factory Reactor  
  58  5:05  Supply Depot  
  61  5:08  SCV  
  61  5:11  Marine x2  
  61  5:13  SCV  
  65  5:18  Command Center  
  65  5:22  Terran Infantry Weapons Level 1  
  65  5:23  SCV  
  65  5:25  SCV  
  65  5:28  Starport Reactor  
  67  5:32  Marauder  
  67  5:35  Barracks  
  69  5:36  Marine x2  
  69  5:41  Refinery, Supply Depot, SCV x2  
  73  5:44  Widow Mine x2  
  73  5:46  Supply Depot  
  77  5:53  SCV  
  78  5:58  Supply Depot  
  78  6:02  Marine x2  
  78  6:03  Marauder, SCV  
  83  6:06  Supply Depot  
  83  6:07  Widow Mine  
  83  6:08  Widow Mine  
  83  6:10  SCV  
  88  6:14  Supply Depot  
  88  6:15  SCV  
  88  6:17  Medivac  
  88  6:18  Medivac  
  93  6:21  Marine x2, Combat Shield  
  93  6:22  Marauder  
  97  6:30  Widow Mine x2  
  101  6:33  Orbital Command  
  101  6:43  Marine x2  
  101  6:45  Marauder x2, Barracks  
  101  6:46  Barracks  
  106  6:48  SCV x2  
  106  6:51  Widow Mine x2  
  112  6:57  Orbital Command  
  112  7:03  SCV  
  112  7:05  SCV  
  114  7:09  Marine x2, Marauder x2  
  114  7:10  Concussive Shells  
  114  7:13  Medivac  
  114  7:14  Medivac  
  114  7:15  SCV  
  125  7:17  SCV  
  125  7:22  SCV  
  127  7:26  Marine  
  127  7:27  Supply Depot, SCV  
  127  7:29  SCV  
  130  7:33  Barracks Tech Lab, Barracks Reactor  
  130  7:34  SCV  
  130  7:36  Widow Mine  
  133  7:48  SCV x3  
  133  7:49  Marauder, Widow Mine  
  122  8:00  SCV x3  
  124  8:05  Marine  
  124  8:06  Marauder x2  
  124  8:09  Refinery x2, Armory  
  124  8:10  Engineering Bay  
  124  8:11  Medivac x2  
  133  8:13  SCV x2  
  127  8:21  Marine  
  127  8:22  Marauder  
  127  8:23  Marine, SCV  
  127  8:25  SCV x2  
  136  8:27  Widow Mine x2, Marauder x2  
  136  8:30  Marine x2  
  130  8:37  SCV x2  
  130  8:41  Medivac x2  
  136  8:43  Marauder  
  136  8:47  Ghost Academy  
  138  8:49  Marauder, Marine, Command Center  
  138  8:53  Supply Depot  
  141  8:58  Supply Depot  
  141  9:14  Marine x2  
  141  9:15  Marauder, Widow Mine x2, Sensor Tower  
  149  9:18  Supply Depot  
  149  9:19  Marine x3  
  149  9:20  Marauder, SCV x3  
  149  9:21  Supply Depot  
  149  9:22  Supply Depot  
  157  9:31  Supply Depot  
  157  9:32  Supply Depot  
  157  9:39  Medivac x2  
  157  9:40  Ghost x2  
  165  9:48  Marine  
  165  9:49  Marine  
  159  10:12  Command Center  
Tags
 
Add a new tag
Caveats
  • Supply blocks, unpowered buildings, or Contaminate may cause inaccurate times.
  • Supply counts are checked every 10 seconds.